 Dungeon Crawl Stone Soup version 0.28-a0-998-gb9e9c7b67e (webtiles) character file.

Game seed: 11511663694715130714

1614 enile the Cudgeller (level 8, -7/67 HPs)
             Began as a Gnoll Cinder Acolyte on Dec 6, 2021.
             Was a Follower of Ignis.
             Mangled by an orc warrior (17 damage)
             ... on level 6 of the Dungeon.
             The game lasted 00:14:19 (7435 turns).

enile the Cudgeller (Gnoll Cinder Acolyte)          Turns: 7435, Time: 00:14:19

Health: -7/67      AC: 10    Str: 16    XL:     8   Next: 95%
Magic:  15/15      EV: 11    Int: 14    God:    Ignis [*.....]
Gold:   164        SH:  0    Dex:  7    Spells: 11/16 levels left

rFire   + . .      SeeInvis .   a - +0 mace (flame)
rCold   . . .      Faith    .   (no shield)
rNeg    . . .      Spirit   .   t - +0 ring mail
rPois   .          Reflect  .   e - +0 helmet
rElec   .          Harm     .   (no cloak)
rCorr   .          Rampage  .   (no gloves)
Will    .....                   C - +2 pair of boots
Stlth   +.........              (no amulet)
HPRegen 0.21/turn               (no ring)
MPRegen 0.14/turn               (no ring)

@: no status effects
A: fangs 1, strong nose, distributed training
a: Renounce Religion, Fiery Armour, Foxfire Swarm, Rising Flame


You were on level 6 of the Dungeon.
You worshipped Ignis.
Ignis was aware of your devotion.
You visited 1 branch of the dungeon, and saw 6 of its levels.

You collected 206 gold pieces.
You spent 42 gold pieces at shops.

Inventory:

Hand Weapons
 a - a +0 mace of flaming (weapon)
 g - a +0 dagger of draining
Missiles
 E - 6 javelins (quivered)
 G - 19 stones
Armour
 b - a +0 robe
 e - a +0 helmet (worn)
 h - a +0 leather armour
 t - a +0 ring mail (worn)
 C - a +2 pair of boots (worn)
Jewellery
 l - an amulet of guardian spirit
 q - an amulet of faith
 B - a ring of ice
Wands
 A - a wand of charming (16)
Scrolls
 c - a scroll of holy word
 d - 2 scrolls of vulnerability
 f - a scroll of noise
 i - 3 scrolls of fear {unknown}
 j - 4 scrolls of teleportation {unknown}
 n - 4 scrolls of enchant armour {unknown}
 p - a scroll of immolation
 x - a scroll of amnesia
 y - 2 scrolls of brand weapon {unknown}
 D - a scroll of enchant weapon
 F - 2 scrolls of magic mapping
Potions
 k - a potion of attraction {unknown}
 m - 2 potions of might {unknown}
 o - 2 potions of mutation {unknown}
 r - a potion of resistance {unknown}
 s - a potion of curing
 u - a potion of haste {unknown}
 v - a potion of degeneration {unknown}
 w - a potion of brilliance {unknown}
 z - 2 potions of heal wounds {unknown}


   Skills:
 + Level 7.6 Fighting
 + Level 3.7 Short Blades
 + Level 3.7 Long Blades
 + Level 3.7 Axes
 + Level 7.6 Maces & Flails
 + Level 3.7 Polearms
 + Level 3.7 Staves
 + Level 3.7 Slings
 + Level 3.7 Bows
 + Level 3.7 Crossbows
 + Level 3.7 Throwing
 + Level 3.7 Armour
 + Level 3.7 Dodging
 + Level 3.7 Stealth
 + Level 3.7 Shields
 + Level 3.7 Unarmed Combat
 + Level 4.7 Spellcasting
 + Level 3.0 Conjurations
 + Level 3.0 Hexes
 + Level 3.0 Summonings
 + Level 3.0 Necromancy
 + Level 3.0 Translocations
 + Level 3.0 Transmutations
 + Level 6.3 Fire Magic
 + Level 3.0 Ice Magic
 + Level 3.0 Air Magic
 + Level 3.0 Earth Magic
 + Level 3.0 Poison Magic
 + Level 4.1 Invocations
 + Level 3.7 Evocations


You had 11 spell levels left.
You knew the following spells:

 Your Spells              Type           Power      Damage    Failure   Level
a - Scorch                Fire           42%        2d7       3%          2
b - Teleport Other        Tloc           11%        N/A       26%         3

Your spell library contained the following spells:

 Spells                   Type           Power      Damage    Failure   Level
 Gell's Gravitas          Tloc           11%        N/A       26%         3
 Lesser Beckoning         Tloc           11%        N/A       26%         3


Dungeon Overview and Level Annotations

Branches:
Dungeon (6/15)             Temple (0/1) D:6

Altars:

Shops:
D:2 !   D:4 :   D:5 *


Innate Abilities, Weirdness & Mutations

You have very sharp teeth.
Your uncanny sense of smell can sniff out nearby items.
Your experience applies equally to all skills.


Message History

The orc warrior hits you from afar with a +0 glaive.
The orc warrior hits you from afar with a +0 glaive!
* * * LOW HITPOINT WARNING * * *
You swap places.
What are your orders? t - Bark!
Orders for allies: a - Attack new target. p - Attack previous target. r - Retreat! s - Stop attacking. g - Guard the area. f - Follow me.
Anything else - Cancel.
Gang up on whom?
Press: ? - help, Dir - move target, f - orc warrior, p - orc priest
Aim: an orc warrior, wielding a +0 glaive and wearing a +0 chain mail (lightly wounded) Attack!
Your orc priest hits the orc warrior but does no damage.
The orc warrior hits you from afar with a +0 glaive!
* * * LOW HITPOINT WARNING * * *
Your orc priest closely misses the orc warrior.
The orc warrior closely misses your orc priest.
You see here a +0 giant club.
Your orc priest hits the orc warrior but does no damage.
The orc warrior hits your orc priest with a +0 glaive!
Your orc priest dies!
You see here an iguana skeleton.
Okay, then.
Throw: 7 javelins
Press: ? - help, Q - select action, (/) - cycle Shift-Dir - straight line, f/p - orc warrior
Aim: an orc warrior, wielding a +0 glaive and wearing a +0 chain mail (lightly wounded, 53% to hit)
You throw a javelin.
The javelin pierces through the orc warrior.
The orc warrior is moderately wounded.
The javelin closely misses the orc.
The javelin pierces through the orc!
You kill the orc!
You see here a +0 ring mail.
You see here a +0 hand axe.
Found 26 stones.
There is a stone staircase leading up here.
The orc warrior hits you from afar with a +0 glaive!
You die...

##[#############
#.# #.......
.........o.o...#
#.......
##############.#
#.#..... #....#
#....... #...o#
###.....
####)...### #
#.....
#.......o.##.####
#.#...
#................
........
#........@#....(
....###.
####...#### ....
..... #. #...#
.## #### #. #...
# .. ##.# #. ..
.. ##


You could see an orc warrior and an orc.

Vanquished Creatures
  A boulder beetle (D:6)
  2 black bears
  2 ogres
  Blork the orc (D:5)
  A gnoll sergeant (D:5)
  A water moccasin zombie (D:6)
  A wyvern skeleton (D:6)
  2 jellies
  A centaur skeleton (D:6)
  A hound (D:5)
  3 iguanas
  3 orc wizards
  A hound skeleton (D:4)
  A gnoll (D:5)
  A howler monkey skeleton (D:5)
  5 adders
  An adder skeleton (D:4)
  2 worms
  4 dart slugs
  8 orcs
  6 bats
  5 endoplasms
  2 giant cockroaches
  6 goblins
  4 hobgoblins (D:1)
  4 jackals
  6 kobolds
  5 quokkas
  4 ball pythons
  4 frilled lizards
  6 rats
94 creatures vanquished.

Vanquished Creatures (collateral kills)
  4 gnolls (D:5)
  3 jackals (D:5)
7 creatures vanquished.

Vanquished Creatures (others)
  An orc priest (D:6)
  81 foxfires
82 creatures vanquished.

Grand Total: 183 creatures vanquished

Notes
Turn   | Place    | Note
-------+----------+-------------------------------------------
     0 | D:1      | enile the Gnoll Cinder Acolyte began the quest for the Orb.
     0 | D:1      | Reached XP level 1. HP: 23/23 MP: 4/4
   224 | D:1      | Reached XP level 2. HP: 29/29 MP: 5/5
   353 | D:1      | Found a faded altar of an unknown god.
   830 | D:1      | Reached XP level 3. HP: 33/35 MP: 7/7
  1068 | D:1      | Learned a level 2 spell: Scorch
  1296 | D:2      | Reached skill level 1 in Invocations
  1603 | D:2      | Reached skill level 1 in Short Blades
  1603 | D:2      | Reached skill level 1 in Long Blades
  1603 | D:2      | Reached skill level 1 in Axes
  1603 | D:2      | Reached skill level 1 in Polearms
  1603 | D:2      | Reached skill level 1 in Staves
  1603 | D:2      | Reached skill level 1 in Slings
  1603 | D:2      | Reached skill level 1 in Bows
  1603 | D:2      | Reached skill level 1 in Crossbows
  1603 | D:2      | Reached skill level 1 in Throwing
  1603 | D:2      | Reached skill level 1 in Armour
  1603 | D:2      | Reached skill level 1 in Dodging
  1603 | D:2      | Reached skill level 1 in Stealth
  1603 | D:2      | Reached skill level 1 in Shields
  1603 | D:2      | Reached skill level 1 in Unarmed Combat
  1603 | D:2      | Reached skill level 1 in Evocations
  1765 | D:2      | Reached XP level 4. HP: 41/41 MP: 8/8
  1916 | D:2      | Found Dixkywala's Distillery.
  1919 | D:2      | Bought a potion of curing for 42 gold pieces
  2905 | D:4      | Noticed a black bear
  2927 | D:3      | Reached skill level 1 in Conjurations
  2927 | D:3      | Reached skill level 1 in Hexes
  2927 | D:3      | Reached skill level 1 in Summonings
  2927 | D:3      | Reached skill level 1 in Necromancy
  2927 | D:3      | Reached skill level 1 in Translocations
  2927 | D:3      | Reached skill level 1 in Transmutations
  2927 | D:3      | Reached skill level 1 in Ice Magic
  2927 | D:3      | Reached skill level 1 in Air Magic
  2927 | D:3      | Reached skill level 1 in Earth Magic
  2927 | D:3      | Reached skill level 1 in Poison Magic
  3391 | D:4      | Reached XP level 5. HP: 27/47 MP: 9/9
  3640 | D:4      | Killed a black bear
  3759 | D:4      | Reached XP level 6. HP: 53/53 MP: 9/11
  3782 | D:4      | Found Wyanwoss's Book Boutique.
  3887 | D:4      | Learned a level 3 spell: Teleport Other
  4108 | D:5      | Entered Level 5 of the Dungeon
  4387 | D:5      | Found Cetui's Fire Supplies.
  4540 | D:5      | Noticed Blork the orc
  4560 | D:4      | Reached XP level 7. HP: 25/59 MP: 12/12
  5261 | D:5      | Killed Blork the orc
  6230 | D:6      | Found a staircase to the Ecumenical Temple.
  6237 | D:6      | Noticed a boulder beetle
  6262 | D:6      | Killed a boulder beetle
  6263 | D:6      | Reached XP level 8. HP: 9/67 MP: 14/14
  7435 | D:6      | Mangled by an orc warrior

Illustrated notes

Levels and vault maps discovered:
D:1:      wander_arrival_chamber, layout_loops_corners,
          shapermc_ecumenical_altar_venn
D:2:      layout_rooms, serial_shops, nicolae_shop_hallway_stairs,
          chequers_mini_garden
D:3:      layout_basic
D:4:      layout_rooms, serial_shops, nicolae_shop_behind_doors,
          minmay_misc_feat_square
D:5:      layout_basic, nicolae_shop_fire_sale [nicolae_sub_dead_trees],
          minmay_starry_boxes, uniq_blork_the_orc
D:6:      layout_loops_ring, minmay_temple_entry_glass, st_stairs_2

Skill      XL: |  1  2  3  4  5  6  7  8 |
---------------+-------------------------+-----
Invocations    | 1 2 3 4 |  4.1
Short Blades   | 1 2 3 |  3.7
Long Blades    | 1 2 3 |  3.7
Axes           | 1 2 3 |  3.7
Polearms       | 1 2 3 |  3.7
Staves         | 1 2 3 |  3.7
Slings         | 1 2 3 |  3.7
Bows           | 1 2 3 |  3.7
Crossbows      | 1 2 3 |  3.7
Throwing       | 1 2 3 |  3.7
Armour         | 1 2 3 |  3.7
Dodging        | 1 2 3 |  3.7
Stealth        | 1 2 3 |  3.7
Shields        | 1 2 3 |  3.7
Unarmed Combat | 1 2 3 |  3.7
Evocations     | 1 2 3 |  3.7
Spellcasting   | 3 4 |  4.7
Conjurations   | 1 2 3 |  3.0
Hexes          | 1 2 3 |  3.0
Summonings     | 1 2 3 |  3.0
Necromancy     | 1 2 3 |  3.0
Translocations | 1 2 3 |  3.0
Transmutations | 1 2 3 |  3.0
Ice Magic      | 1 2 3 |  3.0
Air Magic      | 1 2 3 |  3.0
Earth Magic    | 1 2 3 |  3.0
Poison Magic   | 1 2 3 |  3.0
Fighting       | 7 |  7.6
Maces & Flails | 7 |  7.6
Fire Magic     | 6 |  6.3

Action                   |  1- 3 |  4- 6 |  7- 9 || total
-------------------------+-------+-------+-------++-------
Melee: Mace              |    24 |       |    31 ||    55
       Bite              |     5 |    10 |    14 ||    29
       Dagger            |    65 |   191 |    68 ||   324
       Punch             |       |     2 |     1 ||     3
Throw: Javelin           |       |    14 |    12 ||    26
 Cast: Scorch            |    10 |       |    16 ||    26
Invok: Fiery Armour      |       |     2 |       ||     2
       Foxfire Swarm     |       |     1 |     4 ||     5
Evoke: Wand              |       |       |     8 ||     8
  Use: Scroll            |       |       |     8 ||     8
 Stab: Sleeping          |     1 |     1 |       ||     2
Armor: Robe              |     6 |       |       ||     6
       Leather armour    |    22 |    69 |    34 ||   125
       Ring mail         |       |       |     2 ||     2
Dodge: Dodged            |    56 |   100 |    53 ||   209

Table legend: (Time is in decaauts)
 A = Elapsed time spent in this place.
 B = Non-inter-level travel time spent in this place.
 C = Inter-level travel time spent in this place.
 D = Time resting spent in this place.
 E = Time spent auto-exploring this place.
 F = Levels seen in this place.
 G = Mean time per level.
                   A        B        C        D        E       F      G
               +--------+--------+--------+--------+--------+-----+--------+
         Total |   7424 |   7146 |    278 |    567 |   5502 |   6 | 1237.3 |
       Dungeon |   7424 |   7146 |    278 |    567 |   5502 |   6 | 1237.3 |
               +--------+--------+--------+--------+--------+-----+--------+

Top non-repeatable levels by time:
     D:5: 1586 daAuts
     D:6: 1367 daAuts
     D:3: 1307 daAuts
     D:1: 1220 daAuts
     D:4: 1108 daAuts
     D:2: 833 daAuts
